 Dungeon Crawl Stone Soup version 0.28-b1-25-g9875b3fc8c (console) character file.

Game seed: 15010525759874680927

7 syban the Digger (level 1, 7/13 HPs)
             Began as a Palentonga Earth Elementalist on Jan 31, 2022.
             Was an Initiate of Ru.
             Quit the game on level 1 of the Dungeon.
             The game lasted 00:01:00 (260 turns).

syban the Digger (Palentonga Earth Elementalist)     Turns: 260, Time: 00:01:01

Health: 7/13       AC:  4    Str: 11    XL:     1   Next: 91%
Magic:  3/3        EV:  9    Int: 15    God:    Ru [......]
Gold:   12         SH:  0    Dex: 10    Spells: 3/4 levels left

rFire   . . .      SeeInvis +   a - +0 war axe
rCold   . . .      Faith    .   (no shield)
rNeg    . . .      Spirit   .   b - +0 robe
rPois   .          Reflect  .   (no helmet)
rElec   .          Harm     .   (no cloak)
rCorr   .          Rampage  .   (no gloves)
Will    .....                   (no barding)
Stlth   +.........              (no amulet)
HPRegen 0.04/turn               (no ring)
MPRegen 0.08/turn               (no ring)

@: no status effects
A: large, rugged brown scales 3, see invisible, deformed body, roll 1, armoured
tail
a: Rolling Charge, Renounce Religion


You were on level 1 of the Dungeon.
You worshipped Ru.
Ru was noncommittal.
You visited 1 branch of the dungeon, and saw 1 of its levels.

You collected 12 gold pieces.

Inventory:

Hand Weapons
 a - a +0 war axe (weapon)
Missiles
 c - 77 stones
Armour
 b - a +0 robe (worn)
Potions
 f - 2 potions of mutation {unknown}


   Skills:
 * Level 0.3 Fighting
 * Level 0.2 Armour
 * Level 1.7 Dodging
 - Level 1.2 Stealth
 - Level 2.0 Spellcasting
 - Level 1.0 Transmutations
 + Level 2.9 Earth Magic


You had 3 spell levels left.
You knew the following spells:

 Your Spells              Type           Power      Damage    Failure   Level
a - Sandblast             Erth           20%        2d7       7%          1

Your spell library contained the following spells:

 Spells                   Type           Power      Damage    Failure   Level
 Passwall                 Tmut/Erth      5%         N/A       16%         2
 Stone Arrow              Conj/Erth      10%        3d7       36%         3
 Petrify                  Tmut/Erth      7%         N/A       69%         4


Dungeon Overview and Level Annotations

Branches:
Dungeon (1/15)

Altars:
Ru


Innate Abilities, Weirdness & Mutations

You are completely covered in rugged brown scales. (AC +3, +7% HP)
You have supernaturally acute eyesight. (SInv)
Armour fits poorly on your strangely shaped body.
You can roll at nearby foes to attack.
You have a long armoured tail.


Message History

Aim: a giant cockroach (almost dead, 79% to hit)
The blast of sand hits the giant cockroach.
You kill the giant cockroach!
Unknown command.
c - 73 stones (gained 20)
You see here 13 sling bullets.
You see here 13 sling bullets.
You see here a +0 club.
Magic restored.
A kobold comes into view. It is wielding a +0 war axe.
Unknown command.
Casting: Sandblast (safe; 7% risk of failure)
Confirm with . or Enter, or press ? or * to list all spells.
Aiming: Sandblast (safe; 7% risk of failure)
Press: ? - help, Shift-Dir - straight line, f - kobold
Aim: a kobold, wielding a +0 war axe and quivering stones (wandering, hasn't noticed you, 74% to hit)
The blast of sand hits the kobold.
You kill the kobold!
Unknown command.
c - 77 stones (gained 5)
Things that are here:
a +0 war axe; a kobold corpse
a - a +0 war axe
a - a +0 war axe (weapon)
Unknown command.
As you read the scroll labelled WODESO VIDUPN, it crumbles to dust.
The scroll dissolves into smoke.
It was a scroll of fog.
Unknown command.
As you read the scroll labelled IRORARGHUYXI, it crumbles to dust.
Your body is wracked with pain!
It was a scroll of torment.
Unknown command.
You see here a +0 club.
You see here a +0 club.
There is a faded altar of an unknown god here.
You can't go down here!
There is a faded altar of an unknown god here.
You cannot tell which god this altar belongs to.
Convert to them anyway?
Ru accepts your prayer! Ru welcomes you!
Are you sure you want to abandon this character and quit the game? (Confirm with "yes".)

############
######....§§....#
#####.@......†§§.....
#$....###$#..#§§§#...
.....##.....#§§#§§.# .
....###.....#§.#§..#....
##. #..........(........
#..#.#................#
......#..)#......#..##
#.##.)#...#.....(#....
#. #......#......# .


There were no monsters in sight!

Vanquished Creatures
  An endoplasm (D:1)
  A giant cockroach (D:1)
  A goblin (D:1)
  A quokka (D:1)
  2 kobolds (D:1)
6 creatures vanquished.

Notes
Turn   | Place    | Note
-------+----------+-------------------------------------------
     0 | D:1      | syban the Palentonga Earth Elementalist began the quest for
                  | the Orb.
     0 | D:1      | Reached XP level 1. HP: 13/13 MP: 3/3
   177 | D:1      | Found a faded altar of an unknown god.
   259 | D:1      | Prayed at the altar of an unknown god.
   259 | D:1      | Became a worshipper of Ru the Awakened
   260 | D:1      | Quit the game

Illustrated notes

Levels and vault maps discovered:
D:1:      minmay_arrival_stair_chambers, layout_rooms,
          hellmonk_ecumenical_altar_lost_god

Action                   || total
-------------------------++-------
Melee: Unarmed           ||    27
       Tailslap          ||     2
       Punch             ||     1
 Cast: Sandblast         ||     3
  Use: Scroll            ||     2
       Potion            ||     1
Armor: Robe              ||    13
Dodge: Dodged            ||    19
